Unix NetHack Version 3.7.0-71 Work-in-progress - last build Jan 31 2023 02:41:03 (7ba98a1283f2b7cec35fde026edb48fc825ab8ae,branch:master). Game began 2023-02-12 15:46:09, ended 2023-02-12 16:00:27. Gandelf, neutral male human Monk -------------------------------- |..............................| +...------+-----.---- -----...| |...| |..| |.| |?%*|...| |...| |..| -.- |(*.|...| |...| -..----|.---- |...|...| |...--|--....(.|o...--+---|-...| |............%)[...............| .........{.----|--.{...........| ------------ |..........|...|[|.............| ...........| |...---|-..|..@..|....-+---....| |..........| |...| . ||-|..@..|.--|- ----.|# #####...<.......| |...| |. |.....|.|..| +.|# # ---.-------- |...| |. |------.|..| |.|###### # |...--------.......-----------.-## ...............................| -------------------------------- Gandelf the Initiate St:17 Dx:18 Co:11 In:10 Wi:10 Ch:11 Neutral S:2741 Dlvl:6 $:25 HP:0(49) Pw:24(24) AC:0 Xp:6/614 T:2243 Hungry Latest messages: A runed spear misses you. The newt just misses! You see here 2 runed arrows. What do you want to drop? [$a-df-lnoq-zA-LN-PS or ?*] P You drop an uncursed corroded dwarvish roundshield. The Woodland-elf picks up an elven leather helm. The dungeon acoustics noticeably change. You see here 2 runed arrows. The Woodland-elf puts on an elven leather helm. What do you want to wear? [N or ?*] N You finish your dressing maneuver. What do you want to wear? [*] ? You are already wearing boots. What do you want to wear? [*] Never mind. What do you want to take off? [abvN or ?*] ? The Woodland-elf picks up a runed dagger. You finish taking off your shoes. What do you want to wear? [vO or ?*] ? The Woodland-elf picks up a runed short sword. The Woodland-elf picks up a runed bow. You finish your dressing maneuver. You see here 2 runed arrows. There is an open door here. You see here a runed spear. The dingo misses! The Woodland-elf hits! The Woodland-elf thrusts his runed short sword. The Woodland-elf hits! The dingo bites! You see here 2 runed arrows. You see here 2 runed arrows. What do you want to zap? [lL or ?*] ? In what direction? k The bolt of fire hits the wolf! The bolt of fire bounces! You kill the wolf! Please move the cursor to an unknown object. (For instructions type a '?') What do you want to zap? [lL or ?*] L In what direction? k You kill the lizard! The bolt of fire hits the Woodland-elf! You kill the Woodland-elf! The bolt of fire bounces! You see a puff of smoke. The bolt of fire hits you! Your gloves smoulder! You die... Do you want your possessions identified? [ynq] (y) q Inventory: Gandelf the Monk's attributes: Background: You were an Initiate, a level 6 male human Monk. You were neutral, on a mission for Chih Sung-tzu who was opposed by Shan Lai Ching (lawful) and Huan Ti (chaotic). You were in the Gnomish Mines, on level 6. You entered the dungeon 2243 turns ago. You had 614 experience points, 26 more were needed to attain level 7. Your score was 2741 before end-of-game adjustments. Basics: You had 0 out of 49 hit points. You had all 24 energy points (spell power). Your armor class was 1. Your wallet contained 25 zorkmids. Autopickup was on for '$?!+/=' plus thrown. Final Characteristics: Your strength was 17 (limit:18/100). Your dexterity was 18 (limit:18). Your constitution was 11 (limit:18). Your intelligence was 10 (limit:18). Your wisdom was 10 (limit:18). Your charisma was 11 (limit:18). Final Status: You were hungry. You were unencumbered. You were empty handed. You were skilled in martial arts. Final Attributes: You were piously aligned. You were sleep resistant. You were poison resistant. You saw invisible. You were stealthy. You were guarded. You were fast. You are dead. Miscellaneous: You never encountered a bones level. Total elapsed playing time was 14 minutes and 17 seconds. Major events: Turn 1: Gandelf the neutral male human Monk entered the dungeon 276: entered the Gnomish Mines 310: attained the rank of Novice (level 3) 652: reached Mine Town 1079: attained the rank of Initiate (level 6) 2243: killed by a bolt of fire Vanquished creatures: a small mimic 3 wolves 2 lizards a gnome mummy 2 Woodland-elves a water nymph 5 gnome leaders a gnomish wizard 5 dwarves a homunculus a kobold shaman 3 hill orcs an iguana 4 hobbits a brown mold 17 gnomes a gecko a jackal a fox a lichen 3 newts 56 creatures vanquished. No species were genocided or became extinct. Voluntary challenges: You followed a strict vegan diet. You never hit with a wielded weapon. You were illiterate. You never engraved Elbereth. You never genocided any monsters. You never polymorphed an object. You never changed form. You used no wishes. Achievements: You entered the Gnomish Mines. You attained the rank of Novice. You entered Minetown. You entered a shop. You entered a temple. You attained the rank of Initiate. The Dungeons of Doom: levels 1 to 2 Level 1: Level 2: Some fountains. Stairs down to The Gnomish Mines. The Gnomish Mines: levels 3 to 6 Level 3: Level 4: Level 5: Level 6: <- You were here. A general store, a temple to Chih Sung-tzu, some fountains. Final resting place for you, killed by a bolt of fire. Game over: ---------- / \ / REST \ / IN \ / PEACE \ / \ | Gandelf | | 25 Au | | killed by a bolt | | of fire | | | | | | 2023 | *| * * * | * _________)/\\_//(\/(/\)/\//\/|_)_______ Goodbye Gandelf the Monk... You died in The Gnomish Mines on dungeon level 6 with 2739 points, and 25 pieces of gold, after 2243 moves. You were level 6 with a maximum of 49 hit points when you died.